 Dungeon Crawl Stone Soup version 0.31-a0-618-g7ca08c1ff9 (webtiles) character file.

Game seed: 12260967915875849541

2453 Dittersdorf the Covered (level 9, -3/57 HPs)
             Began as a Gargoyle Fighter on Aug 22, 2023.
             Was a Believer of the Shining One.
             Slain by Prince Ribbit (11 damage)
             ... on level 7 of the Dungeon.
             The game lasted 00:09:57 (7406 turns).

Dittersdorf the Covered (Gargoyle Fighter)          Turns: 7406, Time: 00:09:58

Health: -3/57      AC: 19    Str: 25    XL:     9   Next: 50%
Magic:  0/9        EV:  8    Int:  8    God:    the Shining One [**....]
Gold:   206        SH:  5    Dex:  9    Spells: 8/8 levels left

rFire   . . .        l - +3 flail
rCold   . . .        c - +0 buckler
rNeg    + + .        r - +0 chain mail
rPois   ∞            q - +0 helmet
rElec   +            (no cloak)
rCorr   .            D - +0 pair of gloves
SInv    .            (no boots)
Will    .....        e - amulet of guardian spirit Stlth
                     u - ring of wizardry
HPRegen 0.29/turn    (no ring)
MPRegen 0.11/turn

%: guardian spirit, wizardry (x1)
@: glowing
A: sickness immunity, AC +6, negative energy resistance 1, electricity
resistance, torment resistance 1, petrification resistance
a: Renounce Religion, Divine Shield


You were on level 7 of the Dungeon.
You worshipped the Shining One.
The Shining One was pleased with you.
You visited 1 branch of the dungeon, and saw 7 of its levels.

You collected 276 gold pieces.
You spent 70 gold pieces at shops.

Inventory:

Hand Weapons
 l - a +3 flail (weapon)
Missiles
 f - 4 throwing nets
Armour
 c - a +0 buckler (worn)
 q - a +0 helmet (worn)
 r - a +0 chain mail (worn)
 D - a +0 pair of gloves (worn)
Jewellery
 e - an amulet of guardian spirit (around neck)
 g - an amulet of the acrobat
 j - an amulet of faith
 u - a ring of wizardry (left hand)
Wands
 k - a wand of flame (19)
 y - a wand of roots (7)
Scrolls
 s - a scroll of fear
 t - a scroll of teleportation
Potions
 d - a potion of might
 h - 3 potions of curing {unknown}
 i - a potion of brilliance {unknown}
 p - 3 potions of mutation {unknown}
 v - a potion of attraction {unknown}
 x - a potion of resistance {unknown}
 E - 2 potions of magic
 F - 2 potions of heal wounds


   Skills:
 + Level 7.6 Fighting
 + Level 6.5 Maces & Flails
 + Level 7.6 Armour
 + Level 7.6 Shields


You had 8 spell levels left.
You didn't know any spells.
Your spell library contained the following spells:

 Spells                   Type           Power      Damage    Failure   Level
 Blink                    Tloc           0%         N/A       77%         2
 Lesser Beckoning         Tloc           0%         N/A       77%         2
 Momentum Strike          Conj/Tloc      0%         3d8       77%         2


Dungeon Overview and Level Annotations

Branches:
Dungeon (7/15)             Temple (0/1) D:5

Altars:
Elyvilon
Gozag
Hepliaklqana
Makhleb
Qazlal
Ru
Uskayaw
Vehumet
Wu Jian
Zin
The Shining One

Shops:
D:6 *   D:7 [

Annotations:
D:7 Prince Ribbit


Innate Abilities, Weirdness & Mutations

You are immune to sickness and miasma.
Your stone body is resilient. (AC +6)
You are immune to poison.
You resist negative energy. (rN+)
You are resistant to electric shocks. (rElec)
You are resistant to unholy torment.
You are immune to petrification.


Message History

The gnoll sergeant is heavily wounded.
The gnoll sergeant hits you with a +0 spear.
You bludgeon the gnoll sergeant!!
You kill the gnoll sergeant!
Prince Ribbit hits you!
* * * LOW HITPOINT WARNING * * *
You hit Prince Ribbit.
Prince Ribbit is lightly wounded.
Prince Ribbit hits you but does no damage.
You sock Prince Ribbit!
Prince Ribbit is heavily wounded.
Prince Ribbit closely misses you.
Prince Ribbit blinks!
You sock the gnoll!
You kill the gnoll!
Prince Ribbit blinks!
Items here: )) [[ ††.
Items here: )) [[ ††.
Items here: ))) [[ ††.
Unknown command.
You closely miss Prince Ribbit.
Prince Ribbit is heavily wounded.
Prince Ribbit blinks!
Prince Ribbit closely misses you.
You completely miss Prince Ribbit.
Prince Ribbit is heavily wounded.
Prince Ribbit hits you but does no damage.
Throw: dart (curare)
Press: ? - help, Q - select action, (/) - cycle Shift-Dir - straight line, f - Prince Ribbit
Aim: Prince Ribbit (heavily wounded, haloed, 50% to hit)
You throw a curare-tipped dart.
The curare-tipped dart barely misses Prince Ribbit.
Prince Ribbit hits you!
* * * LOW HITPOINT WARNING * * *
Prince Ribbit hits you but does no damage.
You barely miss Prince Ribbit.
Prince Ribbit is heavily wounded.
You block Prince Ribbit's attack.
You closely miss Prince Ribbit.
Prince Ribbit is heavily wounded.
Prince Ribbit closely misses you. Prince Ribbit hits you!
You die...

##..# ##..# ##...###
##...#..####
...........#
...........#####
...............#
.############..#######
# ##(F@))..#
######..###
########.(.#
.#......#.8.##
..≈≈≈≈≈≈#....#
.....g.......#
........).F..# #
..≈≈≈≈≈≈#)...# #
.#......#.8..#


You could see Prince Ribbit.

Vanquished Creatures
  A troll (D:7)
  An ice beast (D:6)
  2 ogres
  A phantom (D:4)
  A kobold brigand (D:7)
  2 bullfrogs (D:6)
  3 gnoll sergeants
  2 scorpions
  2 jellies
  A crimson imp (D:4)
  5 gnoll boudas
  3 orc priests
  9 hounds
  2 sleepcaps
  3 iguanas
  7 orc wizards
  A statue (D:4)
  5 adders
  28 gnolls
  3 ufetubi
  2 worms
  2 dart slugs (D:2)
  20 orcs
  8 endoplasms
  3 giant cockroaches
  5 goblins
  8 hobgoblins
  17 jackals
  9 kobolds
  5 quokkas
  8 ball pythons
  7 bats
  6 frilled lizards
  2 goblin zombies (D:4)
  2 hobgoblin zombies (D:4)
  A kobold skeleton (D:4)
  4 kobold zombies (D:4)
  An orc skeleton (D:4)
  2 rats (D:1)
194 creatures vanquished.

Notes
Turn   | Place    | Note
-------+----------+-------------------------------------------
     0 | D:1      | Dittersdorf the Gargoyle Fighter began the quest for the
                  | Orb.
     0 | D:1      | Reached XP level 1. HP: 14/14 MP: 1/1
   149 | D:1      | Reached XP level 2. HP: 16/19 MP: 2/2
   564 | D:1      | Reached XP level 3. HP: 17/24 MP: 3/3
  1164 | D:2      | Reached XP level 4. HP: 27/29 MP: 2/4
  1536 | D:3      | Found a faded altar of an unknown god.
  1617 | D:3      | Found a stormy altar of Qazlal.
  1943 | D:3      | Reached XP level 5. HP: 33/33 MP: 5/5
  2078 | D:3      | Found a white marble altar of Elyvilon.
  2164 | D:3      | Found a hide-covered altar of Uskayaw.
  2341 | D:3      | Found a hazy altar of Hepliaklqana.
  2651 | D:4      | Found a glowing golden altar of the Shining One.
  2762 | D:4      | Became a worshipper of the Shining One
  2861 | D:4      | Found a sacrificial altar of Ru.
  2870 | D:4      | Noticed a phantom
  2883 | D:4      | Killed a phantom
  2884 | D:4      | Reached XP level 6. HP: 36/39 MP: 4/6
  2974 | D:4      | Found a glowing silver altar of Zin.
  2975 | D:4      | Found an opulent altar of Gozag.
  3390 | D:4      | Reached skill level 5 in Shields
  3448 | D:4      | Found a radiant altar of Vehumet.
  3819 | D:4      | Reached skill level 5 in Fighting
  3819 | D:4      | Reached skill level 5 in Armour
  3942 | D:5      | Entered Level 5 of the Dungeon
  4004 | D:5      | Reached XP level 7. HP: 24/44 MP: 4/7
  4260 | D:5      | Found an ornate altar of the Wu Jian Council.
  4346 | D:5      | Found a staircase to the Ecumenical Temple.
  4637 | D:6      | Reached * piety under the Shining One
  5234 | D:5      | Reached XP level 8. HP: 28/51 MP: 5/8
  5523 | D:5      | Reached skill level 5 in Maces & Flails
  6076 | D:6      | Found a burning altar of Makhleb.
  6137 | D:6      | Found Kiunt's General Store.
  6141 | D:6      | Bought a potion of heal wounds for 70 gold pieces
  6263 | D:7      | Identified the +4 spear "Gurhotia" {freeze, +Blink rF+
                  | SInv}
  6687 | D:7      | Reached XP level 9. HP: 56/56 MP: 9/9
  6696 | D:7      | Noticed a troll
  6696 | D:7      | Reached ** piety under the Shining One
  6711 | D:7      | Killed a troll
  6800 | D:7      | Found Joebaux's Antique Armour Shop.
  7357 | D:7      | Noticed Prince Ribbit
  7406 | D:7      | Slain by Prince Ribbit

Illustrated notes

Levels and vault maps discovered:
D:1:      erik_arrival_blinker_ship, layout_loops_corners
D:2:      layout_rooms, minmay_fountain_box, glass_columns_b
D:3:      layout_basic, nicolae_uskayaw_dance_hall, lemuel_crystal_altar,
          nicolae_qazlal_general_emergency, worldfamousw_hep_ancestral_shrine,
          chequers_ecumenical_altar_simple_redux,
          corexii_item_surrounded_by_moat
D:4:      layout_loops_corners, vehumet_statue, nicolae_tso_besieged_by_evil,
          grunt_temple_overflow_gold_and_silver, hangedman_ru_absence,
          minmay_misc_feat_alley
D:5:      layout_basic, nzn_wu_jian_council_hall, minmay_temple_entry_offerings
D:6:      layout_cave_pools, lemuel_coloured_pillars_altar, serial_shops,
          nicolae_shop_back_alley_shop
D:7:      layout_cave_pools, serial_gnoll_camp, gnoll_camp_mini_shop,
          gnoll_camp_medium_02, gnoll_camp_medium_01, gnoll_camp_mini_basic,
          gnoll_camp_mini_hut, gnoll_camp_mini_basic, uniq_jeremiah,
          uniq_prince_ribbit1

Skill      XL: |  1  2  3  4  5  6  7  8  9 |
---------------+----------------------------+-----
Armour         | 4 5 6 7 |  7.6
Fighting       | 4 5 6 7 |  7.6
Shields        | 4 5 6 7 |  7.6
Maces & Flails | 3 4 5 6 |  6.5

Action                     |  1- 3 |  4- 6 |  7- 9 || total
---------------------------+-------+-------+-------++-------
  Melee: Flail             |   162 |   250 |   347 ||   759
  Throw: Dart              |       |       |     1 ||     1
    Use: Scroll            |       |       |    14 ||    14
 Armour: Scale mail        |   112 |    54 |       ||   166
         Chain mail        |       |    88 |   277 ||   365
  Dodge: Dodged            |   120 |   125 |   186 ||   431
  Block: Buckler           |    47 |    44 |   121 ||   212

Table legend: (Time is in decaauts)
 A = Elapsed time spent in this place.
 B = Non-inter-level travel time spent in this place.
 C = Inter-level travel time spent in this place.
 D = Time resting spent in this place.
 E = Time spent auto-exploring this place.
 F = Levels seen in this place.
 G = Mean time per level.
                   A        B        C        D        E       F      G
               +--------+--------+--------+--------+--------+-----+--------+
         Total |   7590 |   7347 |    243 |   1192 |   4356 |   7 | 1084.3 |
       Dungeon |   7590 |   7347 |    243 |   1192 |   4356 |   7 | 1084.3 |
               +--------+--------+--------+--------+--------+-----+--------+

Top non-repeatable levels by time:
     D:4: 1424 daAuts
     D:5: 1278 daAuts
     D:6: 1249 daAuts
     D:1: 1052 daAuts
     D:7: 1006 daAuts
     D:3: 934 daAuts
     D:2: 645 daAuts
